[ AOE2 MATCH · #507271063 ]
UnrankedVietnamese vs Malians
Rival team · LOSS
[ REPLAY ANALYSIS · EXTRACTED FROM THE RECORDED GAME ]
Feudal
9:51
Castle
26:52
Imperial
38:23
| APM avg | 59.7 |
| APM peak | 111 |
| eAPM avg | 27.1 |
| Villagers / military | 158 / 165 |
Focus
⚔️ 31.7% · 🌾 68.3%
Fire Lancer ×47 · Archer ×41 · Spearman ×40 · Scout Cavalry ×10 · Bombard Cannon ×8 · Skirmisher ×6
Feudal
11:24
Castle
26:25
Imperial
46:32
| APM avg | 68.5 |
| APM peak | 140 |
| eAPM avg | 36.0 |
| Villagers / military | 154 / 189 |
Focus
⚔️ 50.0% · 🌾 50.0%
Knight ×109 · Gbeto ×31 · Archer ×13 · Mangonel ×8 · Battering Ram ×8 · Hand Cannoneer ×6
Match map
Initial resources + every placement click. Lines = walls · curves = elevation contours. ◆ gold · ⬟ stone · ● berries · ✦ relic · ◌ wall gap
Your base· Open — opponent sealed themselves in
Manuel hormigaiper's base· ✓ Closed at 26:25 · 60t walls · 1 gate(s)
Smoothed initial terrain · ◌ = detected wall gap · hover for details
Inputs per minute
— AGS.BlackKnight - - Manuel hormigaiper
Build order — AGS.BlackKnight
First 150 of 524 actions detected
| 0:00 | Create | Villager (Male) |
| 0:01 | Create | Villager (Male) |
| 0:02 | Build | House |
| 0:04 | Build | House |
| 0:07 | Create | Villager (Male) |
| 0:17 | Create | Villager (Male) |
| 1:28 | Create | Villager (Male) |
| 1:29 | Create | Villager (Male) |
| 1:49 | Build | Lumber Camp |
| 1:58 | Create | Villager (Male) |
| 2:11 | Create | Villager (Male) |
| 2:41 | Create | Villager (Male) |
| 2:41 | Create | Villager (Male) |
| 2:54 | Create | Villager (Male) |
| 2:54 | Create | Villager (Male) |
| 3:30 | Build | House |
| 3:31 | Build | House |
| 3:45 | Create | Villager (Male) |
| 3:45 | Create | Villager (Male) |
| 3:46 | Create | Villager (Male) |
| 4:07 | Create | Villager (Male) |
| 4:07 | Create | Villager (Male) |
| 4:42 | Build | Mill |
| 5:04 | Create | Villager (Male) |
| 5:05 | Create | Villager (Male) |
| 5:36 | Create | Villager (Male) |
| 6:20 | Build | Palisade Wall |
| 6:22 | Build | Palisade Wall |
| 6:27 | Build | Palisade Wall |
| 6:29 | Build | Palisade Wall |
| 6:31 | Build | Palisade Wall |
| 6:32 | Build | Palisade Wall |
| 6:39 | Create | Villager (Male) |
| 6:40 | Research | Loom |
| 7:41 | Research | Feudal Age |
| 7:41 | Research | Feudal Age |
| 8:06 | Build | Mining Camp |
| 8:22 | Build | Barracks |
| 9:20 | Create | Militia |
| 9:20 | Create | Militia |
| 9:22 | Build | House |
| 9:28 | Build | House |
| 9:31 | Build | Palisade Wall |
| 9:34 | Build | Palisade Wall |
| 9:46 | Build | Palisade Wall |
| 9:51 | Age | Feudal Age |
| 10:07 | Create | Villager (Male) |
| 10:10 | Build | Mill |
| 10:29 | Create | Villager (Male) |
| 10:38 | Create | Villager (Male) |
| 10:44 | Create | Militia |
| 11:15 | Research | Man-at-Arms (upgrade) |
| 11:15 | Create | Villager (Male) |
| 11:32 | Build | Watch Tower |
| 11:44 | Build | Watch Tower |
| 11:46 | Create | Villager (Male) |
| 11:51 | Build | Farm |
| 11:52 | Build | Farm |
| 11:52 | Build | Farm |
| 12:00 | Create | Villager (Male) |
| 12:03 | Build | Farm |
| 12:21 | Build | Mining Camp |
| 12:28 | Create | Villager (Male) |
| 12:43 | Create | Villager (Male) |
| 12:56 | Build | House |
| 13:00 | Build | House |
| 13:01 | Build | Palisade Wall |
| 13:02 | Create | Villager (Male) |
| 13:09 | Build | House |
| 13:22 | Create | Villager (Male) |
| 13:38 | Create | Villager (Male) |
| 13:53 | Create | Villager (Male) |
| 13:59 | Build | Watch Tower |
| 14:19 | Create | Villager (Male) |
| 14:22 | Create | Villager (Male) |
| 14:24 | Build | Archery Range |
| 14:40 | Build | Farm |
| 15:00 | Create | Villager (Male) |
| 15:05 | Create | Skirmisher |
| 15:05 | Create | Skirmisher |
| 15:31 | Build | Farm |
| 15:33 | Create | Villager (Male) |
| 16:24 | Build | Watch Tower |
| 16:31 | Create | Villager (Male) |
| 16:32 | Create | Skirmisher |
| 16:32 | Create | Skirmisher |
| 16:38 | Build | Farm |
| 16:52 | Create | Villager (Male) |
| 16:56 | Build | House |
| 16:57 | Build | House |
| 17:25 | Create | Villager (Male) |
| 17:27 | Build | Blacksmith |
| 17:30 | Create | Skirmisher |
| 17:57 | Build | Watch Tower |
| 18:02 | Create | Villager (Male) |
| 18:02 | Create | Villager (Male) |
| 18:03 | Create | Skirmisher |
| 18:13 | Research | Fletching |
| 18:22 | Build | Lumber Camp |
| 18:25 | Create | Villager (Male) |
| 18:26 | Research | Horse Collar |
| 18:56 | Create | Villager (Male) |
| 19:07 | Build | Farm |
| 19:07 | Build | Farm |
| 19:08 | Build | Farm |
| 19:08 | Build | Farm |
| 19:08 | Build | Farm |
| 19:08 | Build | Farm |
| 19:08 | Build | Farm |
| 19:09 | Build | Farm |
| 19:14 | Research | Double-Bit Axe |
| 19:14 | Research | Double-Bit Axe |
| 19:17 | Build | House |
| 19:20 | Build | Stone Wall |
| 19:28 | Build | Stone Wall |
| 19:29 | Create | Villager (Male) |
| 19:49 | Create | Villager (Male) |
| 20:13 | Build | Stone Wall |
| 20:17 | Create | Villager (Male) |
| 20:19 | Build | Farm |
| 20:20 | Build | Farm |
| 20:23 | Build | Farm |
| 20:24 | Build | Farm |
| 20:30 | Create | Villager (Male) |
| 20:42 | Build | Farm |
| 20:44 | Build | Farm |
| 20:46 | Create | Villager (Male) |
| 21:16 | Create | Villager (Male) |
| 21:18 | Build | Farm |
| 21:32 | Build | House |
| 21:35 | Build | House |
| 22:19 | Create | Villager (Male) |
| 22:19 | Research | Wheelbarrow |
| 22:22 | Create | Villager (Male) |
| 22:27 | Build | Stone Wall |
| 22:34 | Build | Farm |
| 22:35 | Build | Farm |
| 22:36 | Build | Farm |
| 22:41 | Build | Farm |
| 22:43 | Create | Villager (Male) |
| 23:17 | Create | Archer |
| 23:20 | Build | House |
| 23:28 | Build | Palisade Wall |
| 23:36 | Create | Spearman |
| 24:11 | Build | House |
| 24:12 | Research | Castle Age |
| 24:33 | Build | Barracks |
| 24:39 | Build | House |
| 24:45 | Build | Market |
| 24:50 | Research | Gold Mining |
Build order — Manuel hormigaiper
First 150 of 561 actions detected
| 0:01 | Create | Villager (Male) ×4 |
| 0:01 | Create | Villager (Male) ×4 |
| 0:02 | Create | Villager (Male) ×4 |
| 0:04 | Build | House |
| 0:06 | Build | House |
| 1:25 | Create | Villager (Male) |
| 1:25 | Create | Villager (Male) |
| 1:59 | Create | Villager (Male) |
| 1:59 | Create | Villager (Male) |
| 2:18 | Create | Villager (Male) |
| 2:18 | Create | Villager (Male) |
| 2:53 | Create | Villager (Male) |
| 2:54 | Create | Villager (Male) |
| 2:54 | Create | Villager (Male) |
| 3:02 | Build | Barracks |
| 3:12 | Build | House |
| 3:17 | Create | Villager (Male) |
| 3:17 | Create | Villager (Male) |
| 3:31 | Create | Villager (Male) |
| 4:01 | Create | Villager (Male) |
| 4:02 | Create | Militia |
| 4:25 | Create | Militia |
| 4:26 | Create | Villager (Male) |
| 4:30 | Create | Villager (Male) |
| 4:56 | Create | Villager (Male) |
| 4:58 | Create | Militia |
| 5:27 | Create | Villager (Male) |
| 5:30 | Build | House |
| 6:16 | Build | House |
| 6:25 | Build | Lumber Camp |
| 6:30 | Create | Villager (Male) |
| 6:46 | Create | Villager (Male) |
| 6:52 | Create | Villager (Male) |
| 7:10 | Create | Villager (Male) |
| 7:39 | Create | Villager (Male) |
| 7:56 | Create | Villager (Male) |
| 8:46 | Research | Feudal Age |
| 8:47 | Research | Feudal Age |
| 8:49 | Research | Loom |
| 8:49 | Research | Feudal Age |
| 9:17 | Build | Lumber Camp |
| 9:45 | Build | Mining Camp |
| 10:17 | Build | Mill |
| 10:29 | Build | House |
| 10:34 | Build | Palisade Wall |
| 10:42 | Build | Palisade Wall |
| 10:52 | Build | Palisade Wall |
| 10:53 | Build | Palisade Wall |
| 11:00 | Create | Villager (Male) |
| 11:00 | Create | Villager (Male) |
| 11:24 | Age | Feudal Age |
| 11:31 | Build | Palisade Wall |
| 11:36 | Build | Archery Range |
| 11:39 | Build | Palisade Wall |
| 11:43 | Build | Palisade Wall |
| 11:45 | Build | Palisade Wall |
| 11:49 | Create | Villager (Male) |
| 12:02 | Build | Palisade Wall |
| 12:06 | Create | Villager (Male) |
| 12:18 | Build | Farm |
| 12:19 | Build | Farm |
| 12:19 | Build | Farm |
| 12:23 | Create | Archer |
| 12:24 | Create | Villager (Male) |
| 12:29 | Research | Double-Bit Axe |
| 12:36 | Create | Villager (Male) |
| 12:39 | Research | Town Watch |
| 12:42 | Create | Skirmisher |
| 12:43 | Create | Villager (Male) |
| 13:05 | Build | Palisade Gate |
| 13:07 | Build | Palisade Wall |
| 13:12 | Create | Villager (Male) |
| 13:18 | Build | Mining Camp |
| 13:19 | Create | Villager (Male) |
| 13:25 | Build | Palisade Wall |
| 13:29 | Create | Villager (Male) |
| 13:34 | Create | Skirmisher |
| 13:35 | Build | Farm |
| 13:36 | Build | Farm |
| 13:37 | Build | Farm |
| 13:51 | Create | Villager (Male) |
| 13:53 | Build | Farm |
| 13:54 | Build | Farm |
| 14:12 | Build | Farm |
| 14:13 | Build | Farm |
| 14:17 | Create | Villager (Male) |
| 14:41 | Build | House |
| 14:42 | Build | House |
| 14:45 | Build | Palisade Wall |
| 14:47 | Build | Palisade Wall |
| 14:49 | Create | Villager (Male) |
| 14:53 | Create | Villager (Male) |
| 14:54 | Create | Archer |
| 15:05 | Create | Archer |
| 15:06 | Create | Villager (Male) |
| 15:26 | Create | Villager (Male) |
| 15:28 | Build | Blacksmith |
| 15:37 | Create | Archer |
| 15:38 | Create | Villager (Male) |
| 15:46 | Build | Farm |
| 15:50 | Build | Palisade Wall |
| 15:52 | Build | Palisade Wall |
| 15:54 | Build | Palisade Wall |
| 16:20 | Create | Villager (Male) |
| 16:21 | Create | Archer |
| 16:34 | Create | Villager (Male) |
| 16:38 | Research | Fletching |
| 16:39 | Create | Archer |
| 16:45 | Build | Farm |
| 16:46 | Build | Farm |
| 16:47 | Build | Farm |
| 16:47 | Build | Farm |
| 16:53 | Create | Villager (Male) |
| 17:10 | Create | Villager (Male) |
| 17:18 | Create | Archer |
| 17:21 | Create | Villager (Male) |
| 17:23 | Build | Farm |
| 17:24 | Build | Farm |
| 17:25 | Build | Farm |
| 17:28 | Create | Villager (Male) |
| 17:36 | Build | Watch Tower |
| 17:47 | Create | Archer |
| 17:53 | Build | Mining Camp |
| 18:08 | Create | Villager (Male) |
| 18:13 | Create | Militia |
| 18:18 | Build | House |
| 18:19 | Build | House |
| 18:56 | Create | Villager (Male) |
| 18:57 | Create | Archer |
| 19:11 | Create | Villager (Male) |
| 19:26 | Create | Villager (Male) |
| 19:29 | Build | Farm |
| 19:29 | Build | Farm |
| 19:30 | Build | Farm |
| 19:35 | Create | Villager (Male) |
| 19:59 | Build | Watch Tower |
| 20:18 | Create | Villager (Male) |
| 20:33 | Create | Archer |
| 20:47 | Create | Villager (Male) |
| 20:51 | Build | Stable |
| 20:57 | Build | Farm |
| 20:58 | Build | Farm |
| 20:59 | Build | Farm |
| 21:40 | Create | Villager (Male) |
| 21:53 | Create | Scout Cavalry |
| 21:53 | Create | Scout Cavalry |
| 21:53 | Create | Villager (Male) |
| 21:54 | Create | Archer |
| 22:04 | Create | Archer |
| 22:21 | Create | Villager (Male) |
Match timeline
| 3:02 | Manuel hormigaiper · first_building Barracks |
| 6:20 | AGS.BlackKnight · wall_segment Palisade Wall x1 |
| 6:22 | AGS.BlackKnight · wall_segment Palisade Wall x1 |
| 6:27 | AGS.BlackKnight · wall_segment Palisade Wall x1 |
| 6:29 | AGS.BlackKnight · wall_segment Palisade Wall x1 |
| 6:31 | AGS.BlackKnight · wall_segment Palisade Wall x1 |
| 6:32 | AGS.BlackKnight · wall_segment Palisade Wall x1 |
| 8:22 | AGS.BlackKnight · first_building Barracks |
| 9:31 | AGS.BlackKnight · wall_segment Palisade Wall x1 |
| 9:34 | AGS.BlackKnight · wall_segment Palisade Wall x1 |
| 9:46 | AGS.BlackKnight · wall_segment Palisade Wall x1 |
| 9:51 | AGS.BlackKnight · age_up feudal |
| 10:34 | Manuel hormigaiper · wall_segment Palisade Wall x4 |
| 10:42 | Manuel hormigaiper · wall_segment Palisade Wall x18 |
| 10:52 | Manuel hormigaiper · wall_segment Palisade Wall x10 |
| 10:53 | Manuel hormigaiper · wall_segment Palisade Wall x1 |
| 11:24 | Manuel hormigaiper · age_up feudal |
| 11:31 | Manuel hormigaiper · wall_segment Palisade Wall x2 |
| 11:36 | Manuel hormigaiper · first_building Archery Range |
| 11:39 | Manuel hormigaiper · wall_segment Palisade Wall x2 |
| 11:43 | Manuel hormigaiper · wall_segment Palisade Wall x2 |
| 11:45 | Manuel hormigaiper · wall_segment Palisade Wall x1 |
| 12:02 | Manuel hormigaiper · wall_segment Palisade Wall x1 |
| 13:01 | AGS.BlackKnight · wall_segment Palisade Wall x1 |
| 13:07 | Manuel hormigaiper · wall_segment Palisade Wall x1 |
| 13:25 | Manuel hormigaiper · wall_segment Palisade Wall x1 |
| 14:24 | AGS.BlackKnight · first_building Archery Range |
| 14:45 | Manuel hormigaiper · wall_segment Palisade Wall x5 |
| 14:47 | Manuel hormigaiper · wall_segment Palisade Wall x1 |
| 15:50 | Manuel hormigaiper · wall_segment Palisade Wall x1 |
| 15:52 | Manuel hormigaiper · wall_segment Palisade Wall x1 |
| 15:54 | Manuel hormigaiper · wall_segment Palisade Wall x1 |
| 19:20 | AGS.BlackKnight · wall_segment Stone Wall x5 |
| 19:28 | AGS.BlackKnight · wall_segment Stone Wall x7 |
| 20:13 | AGS.BlackKnight · wall_segment Stone Wall x10 |
| 20:51 | Manuel hormigaiper · first_building Stable |
| 22:27 | AGS.BlackKnight · wall_segment Stone Wall x7 |
| 23:02 | Manuel hormigaiper · wall_segment Palisade Wall x8 |
| 23:28 | AGS.BlackKnight · wall_segment Palisade Wall x9 |
| 24:33 | Manuel hormigaiper · wall_segment Palisade Wall x1 |
| 25:57 | Manuel hormigaiper · wall_segment Palisade Wall x1 |
| 26:25 | Manuel hormigaiper · age_up castle |
| 26:52 | AGS.BlackKnight · age_up castle |
| 27:02 | AGS.BlackKnight · first_building Siege Workshop |
| 27:15 | AGS.BlackKnight · first_building Monastery |
| 27:16 | Manuel hormigaiper · wall_segment Palisade Wall x1 |
| 27:26 | Manuel hormigaiper · first_building Siege Workshop |
| 30:11 | Manuel hormigaiper · first_building Monastery |
| 33:50 | Manuel hormigaiper · first_building Castle |
| 36:10 | Manuel hormigaiper · first_market_buy 100 food |
| 36:12 | AGS.BlackKnight · first_building Castle |
| 38:23 | AGS.BlackKnight · age_up imperial |
| 38:36 | AGS.BlackKnight · wall_segment Stone Wall x6 |
| 38:41 | AGS.BlackKnight · wall_segment Stone Wall x6 |
| 39:06 | AGS.BlackKnight · first_market_buy 100 stone |
| 39:06 | AGS.BlackKnight · first_market_sell 500 food |
| 46:27 | Manuel hormigaiper · first_market_sell 500 wood |
| 46:32 | Manuel hormigaiper · age_up imperial |
| 48:10 | AGS.BlackKnight · first_building Stable |
| 50:17 | AGS.BlackKnight · wall_segment Stone Wall x1 |
| 51:52 | Manuel hormigaiper · resign |
[ AI ANALYSIS · 1 CREDIT ]
What really happened in this match?
Wolo.gg analyzes every decision: build order, eco, micro, common mistakes by bracket. Personalized analysis on WhatsApp or Discord in 30 seconds.
Civ guide
Vietnamese
Perfil
Jugador #737207